 Dungeon Crawl Stone Soup version 0.24.0-37-gcf1ca852f1 (webtiles) character file.

Game seed: 6944051348213237214, levelgen mode: deterministic

4255 H0rd4k the Thaumaturge (level 10, -2/50 HPs)
             Began as a Deep Elf Wizard on Nov 27, 2019.
             Was a Priest of Sif Muna.
             Slain by a demonic crawler (11 damage)
             ... summoned by a deep elf mage
             ... in a bailey.
             The game lasted 00:26:13 (8692 turns).

H0rd4k the Thaumaturge (Deep Elf Wizard)            Turns: 8692, Time: 00:26:13

Health: -2/50      AC:  5    Str:  4    XL:     10   Next: 10%
Magic:  2/28       EV: 13    Int: 27    God:    Sif Muna [***...]
Gold:   441        SH:  0    Dex: 13    Spells: 19/34 levels left

rFire    + . .     SeeInvis .   y - +10 dagger "Worm" {drain, MR+}
rCold    + + .     Gourm    .   (no shield)
rNeg     . . .     Faith    .   B - +2 leather armour "Egaremma" {rC+}
rPois    +         Spirit   .   b - +0 hat
rElec    +         Reflect  .   (no cloak)
rCorr    +         Harm     .   (no gloves)
MR       ++...                  (no boots)
Stlth    ++........             (no amulet)
HPRegen  0.16/turn              h - ring of resist corrosion
MPRegen  0.21/turn              C - ring of poison resistance

@: resistant
A: no striking features
a: Channel Magic, Forget Spell, Renounce Religion


You were in a bailey.
You worshipped Sif Muna.
Sif Muna was most pleased with you.
You were not hungry.

You visited 1 branch of the dungeon, and saw 8 of its levels.
You also visited: Sewer and Bailey.

You collected 441 gold pieces.

Inventory:

Hand Weapons
 y - the +10 dagger "Worm" (weapon) {drain, MR+}
   (You took it off a crimson imp on level 6 of the Dungeon)

   A truly terrible weapon, it drains the life of those it strikes.
   It affects your resistance to hostile enchantments.
 K - the +5 halberd of the Final Beggars {chop, rPois SInv}
   (You found it on level 8 of the Dungeon)

   It inflicts extra damage upon your enemies.
   It protects you from poison.
   It lets you see invisible.
Missiles
 I - 15 poisoned darts (quivered)
Armour
 a - a +0 robe
 b - a +0 hat (worn)
 B - the +2 leather armour "Egaremma" (worn) {rC+}
   (You found it on level 6 of the Dungeon)

   It protects you from cold.
 H - the cursed +0 ring mail of Optimism {rElec rC+ Stlth+, unknown}
   (You found it on level 7 of the Dungeon)

   It protects you from cold.
   It insulates you from electricity.
   It makes you more stealthy.
   It has a curse placed upon it.
Jewellery
 h - a ring of resist corrosion (left hand)
 C - a ring of poison resistance (right hand)
Wands
 u - a wand of digging (7)
 z - a wand of paralysis (6)
 E - a wand of iceblast (9)
Scrolls
 c - 6 scrolls of identify {unknown}
 e - 4 scrolls of teleportation {unknown}
 g - 5 scrolls of magic mapping {unknown}
 k - 3 scrolls of remove curse
 l - 2 scrolls of amnesia {unknown}
 v - 3 scrolls of enchant armour {unknown}
 x - a scroll of fear {unknown}
 A - a scroll of blinking {unknown}
 F - 2 scrolls of noise {unknown}
 G - a scroll of fog {unknown}
 J - a scroll of immolation {unknown}
Potions
 i - a potion of might
 j - 2 potions of heal wounds {unknown}
 m - 2 potions of agility {unknown}
 n - 4 potions of mutation {unknown}
 o - 3 potions of haste {unknown}
 p - 3 potions of curing {unknown}
 q - a potion of magic {unknown}
 r - a potion of cancellation {unknown}
 s - a potion of lignification {unknown}
 t - a potion of berserk rage {unknown}
 w - a potion of degeneration {unknown}
 D - 2 potions of brilliance {unknown}
Comestibles
 d - 21 rations


   Skills:
 + Level 0.2 Fighting
 + Level 4.3 Dodging
 + Level 4.0 Stealth
 + Level 12.6 Spellcasting
 + Level 10.2 Conjurations
 + Level 3.3 Hexes
 * Level 3.5 Charms
   Level 1.1 Summonings
 + Level 1.1 Translocations
 + Level 2.1 Fire Magic
 + Level 0.6 Air Magic
 + Level 0.5 Poison Magic
 + Level 0.6 Evocations


You had 19 spell levels left.
You knew the following spells:

 Your Spells              Type           Power        Failure   Level  Hunger
a - Magic Dart            Conj           ####         1%          1    None
b - Blink                 Tloc           N/A          5%          2    None
c - Conjure Flame         Conj/Fire      ######..     1%          3    None
d - Mephitic Cloud        Conj/Pois/Air  #####...     3%          3    None
e - Swiftness             Chrm/Air       ####....     3%          2    None
f - Fulminant Prism       Conj/Hex       ######....   3%          4    None

Your spell library contained the following spells:

 Spells                   Type           Power        Failure   Level  Hunger
 Flame Tongue             Conj/Fire      #####        1%          1    None
 Shock                    Conj/Air       ####         1%          1    None
 Static Discharge         Conj/Air       #####...     1%          3    None
 Slow                     Hex            #####...     2%          2    None
 Stone Arrow              Conj/Erth      #####.       2%          3    None
 Call Imp                 Summ           ###.....     5%          2    None
 Sandblast                Erth           ###...       6%          1    None
 Passwall                 Tmut/Erth      ###.....     9%          2    None
 Lightning Bolt           Conj/Air       #####.....   17%         5    ##.....
 Airstrike                Air            ###.......   41%         4    None
 Petrify                  Tmut/Erth      ###.....     52%         4    None
 Bolt of Cold             Conj/Ice       #####.....   73%         6    #####..
 Lee's Rapid Deconstruct  Erth           ###.......   86%         5    ##.....


Dungeon Overview and Level Annotations

Branches:
Dungeon (8/15)             Temple (0/1) D:5           Sewer (visited)
 Bailey (1/1)
   Lair: D:8-11

Altars:
Cheibriados
Elyvilon
Gozag
Kikubaaqudgha
Ru
Sif Muna
Uskayaw
Vehumet
Xom
Zin
The Shining One


Message History

The demonic crawler is engulfed in blazing flames.
The demonic crawler hits you but does no damage.
The demonic crawler hits you. x2; The hellwing hits your fulminant prism. x2
It was a potion of resistance.
You feel protected.
The demonic crawler is engulfed in blazing flames.
The demonic crawler hits you.
* * * LOW HITPOINT WARNING * * *
The demonic crawler hits you.
* * * LOW HITPOINT WARNING * * *
The demonic crawler closely misses you.
The deep elf mage gestures wildly while chanting.
The hellwing hits your fulminant prism!
Your fulminant prism detonates feebly.
Unknown command.
The demonic crawler is engulfed in blazing flames.
The demonic crawler barely misses you. The demonic crawler hits you.
* * * LOW HITPOINT WARNING * * *
The demonic crawler hits you!
You die...

#####
##...##
###
#..∩..#
..##
#..@..#
...#
##..s##
§..#
####§##..#


#ser# #.3e.3# #..∩4.# #.....# #....## e##### You could see a demonic crawler, a
hellwing, 2 deep elf magi, a smoke demon, a tarantella and a hell rat.

Vanquished Creatures
  A two-headed ogre (D:6)
  Grinder (D:3)
  Prince Ribbit (D:5)
  4 yaks (D:7)
  Eustachio (D:4)
  2 orc warriors
  Purgy (Sewer)
  A phantom (D:7)
  A sky beast (D:7)
  6 ogres
  A centaur (D:6)
  4 bullfrogs
  5 scorpions
  4 crimson imps
  2 orc priests
  4 hounds
  6 orc wizards
  A bullfrog skeleton (D:8)
  A centaur skeleton (D:4)
  Crazy Yiuf (D:2)
  7 worker ants
  Terence (D:2)
  2 hound skeletons (D:6)
  A river rat (D:5)
  8 adders
  An ooze (D:4)
  3 worms
  A dart slug (D:2)
  2 leopard geckos
  17 orcs
  3 giant cockroaches
  10 goblins
  9 hobgoblins
  22 jackals
  7 kobolds
  3 quokkas
  A ball python (D:2)
  16 bats
  5 frilled lizards
  A leopard gecko skeleton (D:5)
  10 rats
178 creatures vanquished.

Vanquished Creatures (others)
  18 fulminant prisms
18 creatures vanquished.

Grand Total: 196 creatures vanquished

Notes
Turn   | Place    | Note
-------+----------+-------------------------------------------
     0 | D:1      | H0rd4k the Deep Elf Wizard began the quest for the Orb.
     0 | D:1      | Reached XP level 1. HP: 10/10 MP: 7/7
   168 | D:1      | Reached XP level 2. HP: 9/15 MP: 0/9
   414 | D:1      | Reached skill level 5 in Spellcasting
  1009 | D:2      | Reached XP level 3. HP: 19/19 MP: 8/11
  1012 | D:2      | Found a radiant altar of Vehumet.
  1013 | D:2      | Found a sacrificial altar of Ru.
  1015 | D:2      | Found a glowing golden altar of the Shining One.
  1017 | D:2      | Found an ancient bone altar of Kikubaaqudgha.
  1018 | D:2      | Found a shimmering blue altar of Sif Muna.
  1021 | D:2      | Found a hide-covered altar of Uskayaw.
  1047 | D:2      | Became a worshipper of Sif Muna the Loreminder
  1369 | D:2      | Noticed Terence
  1619 | D:2      | Found a runed translucent door.
  1620 | D:2      | Noticed Crazy Yiuf
  2092 | D:3      | Learned a level 2 spell: Blink
  2096 | D:3      | Learned a level 3 spell: Conjure Flame
  2100 | D:3      | Learned a level 3 spell: Mephitic Cloud
  2102 | D:3      | Reached XP level 4. HP: 22/24 MP: 7/13
  2492 | D:3      | Noticed Grinder
  2567 | D:4      | Noticed an ogre
  2642 | D:4      | Reached * piety under Sif Muna
  2722 | D:4      | Reached skill level 6 in Spellcasting
  2838 | D:4      | Reached XP level 5. HP: 23/28 MP: 10/15
  3122 | D:4      | Killed an ogre
  3122 | D:4      | Reached XP level 6. HP: 32/32 MP: 6/17
  3204 | D:4      | Noticed Eustachio
  3586 | D:5      | Entered Level 5 of the Dungeon
  3618 | D:5      | Reached skill level 7 in Spellcasting
  3618 | D:5      | Reached skill level 5 in Conjurations
  3624 | D:5      | Reached XP level 7. HP: 36/36 MP: 2/19
  3705 | D:5      | Found a staircase to the Ecumenical Temple.
  3959 | D:5      | Found a glowing drain.
  3966 | Sewer    | Entered a sewer
  3992 | Sewer    | Noticed Purgy
  4036 | Sewer    | Killed Purgy
  4036 | Sewer    | Reached skill level 8 in Spellcasting
  4277 | D:5      | Noticed Prince Ribbit
  4409 | D:5      | Found a glowing golden altar of the Shining One.
  4462 | D:5      | Found a snail-covered altar of Cheibriados.
  4468 | D:5      | Reached ** piety under Sif Muna
  4836 | D:6      | Reached skill level 9 in Spellcasting
  4857 | D:6      | Reached skill level 1 in Fire Magic
  4857 | D:6      | Reached XP level 8. HP: 34/41 MP: 15/23
  4894 | D:6      | Noticed a two-headed ogre
  5041 | D:6      | Found an opulent altar of Gozag.
  5041 | D:6      | Found a white marble altar of Elyvilon.
  5132 | D:6      | Identified the +10 dagger "Worm" {drain, MR+}
  5178 | D:6      | Reached skill level 10 in Spellcasting
  5491 | D:6      | Identified Ijoira Ufody's Disquisition on Conjuration and
                  | Fire
  5612 | D:6      | Got a shimmering leather armour
  5623 | D:6      | Identified the +2 leather armour "Egaremma" {rC+} (You
                  | found it on level 6 of the Dungeon)
  5848 | D:6      | Killed a two-headed ogre
  5848 | D:6      | Reached skill level 11 in Spellcasting
  5848 | D:6      | Reached XP level 9. HP: 45/45 MP: 9/26
  6060 | D:6      | Learned a level 2 spell: Swiftness
  6065 | D:6      | Learned a level 4 spell: Fulminant Prism
  6201 | D:2      | Killed Terence
  6319 | D:2      | Killed Crazy Yiuf
  6752 | D:3      | Reached *** piety under Sif Muna
  6827 | D:3      | Killed Grinder
  6891 | D:4      | Found a glowing silver altar of Zin.
  6891 | D:4      | Noticed an angel
  6901 | D:4      | Killed Eustachio
  7007 | D:4      | Found a shimmering altar of Xom.
  7106 | D:5      | Killed Prince Ribbit
  7106 | D:5      | Reached skill level 12 in Spellcasting
  7292 | D:7      | Reached skill level 1 in Charms
  7421 | D:7      | Got a dazzling ring mail
  7938 | D:7      | Reached skill level 1 in Hexes
  8026 | D:7      | Reached skill level 10 in Conjurations
  8026 | D:7      | Reached XP level 10. HP: 50/50 MP: 5/28
  8473 | D:8      | Found a flagged portal.
  8660 | D:8      | Got a crude halberd
  8663 | Bailey   | Entered a bailey
  8666 | Bailey   | Identified the +5 halberd of the Final Beggars {chop, rPois
                  | SInv} (You found it on level 8 of the Dungeon)
  8675 | Bailey   | Noticed a deep elf mage
  8682 | Bailey   | Noticed a deep elf mage
  8684 | Bailey   | Noticed a deep elf mage
  8692 | Bailey   | Noticed a smoke demon
  8692 | Bailey   | Slain by a demonic crawler

Levels and vault maps discovered:
D:1:      eino_arrival_tree_alley, layout_basic
D:2:      layout_loops_cross, grunt_temple_overflow_open,
          uniq_crazy_yiuf_cottage, uniq_terence
D:3:      layout_loops_cross, uniq_grinder
D:4:      layout_basic, grunt_temple_overflow_order_and_chaos_1, uniq_eustachio
D:5:      lemuel_upstairs_altar, layout_cave_pools, minmay_temple_entry_arrows,
          first_ration, basic_altar, gup_sewer_entry_bubbles,
          chequers_serial_rivers_room_b, minmay_ruined_shrine,
          uniq_prince_ribbit1
D:6:      layout_cave_pods, amethyst_overflow_temple_binary, grunt_potential
D:7:      layout_basic
D:8:      layout_gridville, basic_altar, enter_bailey_2, evilmike_ruin_ashenzari
Bailey:   bailey_polearm_3, bailey

Skill      XL: |  1  2  3  4  5  6  7  8  9 |
---------------+----------------------------+-----
Spellcasting   | 5 6 7 9 11 12 | 12.6
Dodging        | 3 4 |  4.3
Conjurations   | 2 4 5 6 8 10 | 10.2
Stealth        | 3 4 |  4.0
Fire Magic     | 1 2 |  2.1
Charms         | 3 |  3.5
Hexes          | 3 |  3.3
Fighting       | |  0.2
Summonings     | |  1.1
Translocations | |  1.1
Air Magic      | |  0.6
Poison Magic   | |  0.5
Evocations     | |  0.6

Action                   |  1- 3 |  4- 6 |  7- 9 | 10-12 || total
-------------------------+-------+-------+-------+-------++-------
Melee: Unarmed           |       |       |     1 |       ||     1
 Cast: Magic Dart        |   130 |   123 |   294 |    35 ||   582
       Conjure Flame     |       |     7 |    18 |     4 ||    29
       Blink             |       |     1 |     1 |       ||     2
       Mephitic Cloud    |       |       |     6 |       ||     6
       Fulminant Prism   |       |       |    13 |     6 ||    19
Evoke: Wand              |       |       |     2 |       ||     2
  Use: Scroll            |       |       |     1 |       ||     1
       Potion            |       |       |       |     1 ||     1
  Eat: Chunk             |     3 |     4 |    14 |     2 ||    23
Armor: Robe              |    10 |     1 |     1 |       ||    12
       Leather armour    |       |       |     7 |     5 ||    12
Dodge: Dodged            |    50 |     3 |    36 |    14 ||   103
